 Dungeon Crawl Stone Soup version 0.21-a0-55-gb612c23 (webtiles) character file.

27640 grindst0ne the Imperceptible (level 13, -3/71 HPs)
             Began as a Vampire Enchanter on June 15, 2017.
             Was a High Priest of Ru.
             Slain by a six-headed hydra (6 damage)
             ... on level 4 of the Lair of Beasts.
             The game lasted 01:16:19 (26133 turns).

grindst0ne the Imperceptible (Vampire Enchanter)   Turns: 26133, Time: 01:16:21

Health: -3/71      AC:  0    Str:  7    XL:     13   Next: 5%
Magic:  11/16      EV: 22    Int: 18    God:    Ru [*****.]
Gold:   446        SH:  0    Dex: 24    Spells: 8/16 levels left

rFire    . . .     SeeInvis +   (weapon currently unavailable)
rCold    + + .     Gourm    .   (shield currently unavailable)
rNeg     + + +     Faith    .   (armour currently unavailable)
rPois    ∞         Spirit   .   (helmet currently unavailable)
rElec    .         Reflect  .   (cloak currently unavailable)
rCorr    .         Harm     .   (gloves currently unavailable)
MR       +....                  (boots currently unavailable)
Stlth    ++++++++++             (no amulet)
HPRegen  0.00/turn              (ring currently unavailable)
MPRegen  0.15/turn              (ring currently unavailable)

@: bat-form, flying, bloodless, non-regenerating, slowed, quick
A: fangs 3, see invisible, frail 1, no conjurations magic, no earth magic, no
transmutations magic, inexperienced 1
a: End Transformation, Draw Out Power, Power Leap, Apocalypse, Renounce Religion


You were on level 4 of the Lair of Beasts.
You worshipped Ru.
Ru was extremely pleased with you.
You were bloodless.
You were in vampire-bat-form.
You visited 3 branches of the dungeon, and saw 15 of its levels.
You also visited: Labyrinth.

You collected 815 gold pieces.
You spent 369 gold pieces at shops.

Inventory:

Hand Weapons
 h - a +2 rapier of speed (melded)
Armour
 a - a +1 pair of boots of running (melded)
 j - a +1 pair of gloves (melded)
 v - the +2 shield of Resistance {rF+ rC+ MR+}
   (You found it on level 4 of the Dungeon)

   It protects you from fire.
   It protects you from cold.
   It affects your resistance to hostile enchantments.
 C - a +1 robe of magic resistance
 R - a +0 cloak (melded)
 S - the +7 leather armour "Saudyil" (melded) {rC+ rCorr Int+3}
   (You found it on level 6 of the Dungeon)

   It affects your intelligence (+3).
   It protects you from cold.
   It protects you from acid and corrosion.
 T - a +2 robe of cold resistance
Jewellery
 y - a +3 ring of slaying (melded)
 A - a ring of stealth (melded)
Wands
 m - a wand of random effects (29/48)
 t - a wand of lightning (7/15)
 z - a wand of lightning (10/15)
 Q - a wand of disintegration (18/24)
 U - a wand of flame (32/48)
 W - a wand of paralysis (4/24)
Scrolls
 f - 3 scrolls of teleportation
 n - a scroll of magic mapping
 p - 8 scrolls of remove curse
 r - 5 scrolls of blinking
 w - a scroll of fog
 B - a scroll of enchant weapon
 E - a scroll of amnesia
 G - 4 scrolls of recharging
 H - 3 scrolls of fear
 I - a scroll of silence {unknown}
 L - 4 scrolls of enchant armour
 N - 2 scrolls of brand weapon {unknown}
 X - a scroll of identify
Potions
 d - a potion of mutation
 e - 4 potions of cancellation
 g - a potion of brilliance
 i - 3 potions of curing
 k - 3 potions of haste
 o - 2 potions of ambrosia
 q - 30 potions of blood
 s - 3 potions of invisibility
 u - a potion of flight
 D - 2 potions of might
 F - 4 potions of resistance
 J - a potion of berserk rage
 P - 2 potions of heal wounds
Books
 c - a book of Maledictions

   Spells                             Type                      Level
   a - Corona                         Hexes                        1
   b - Ensorcelled Hibernation        Hexes/Ice                    2
   c - Confuse                        Hexes                        3
   d - Tukima's Dance                 Hexes                        3
   e - Dazzling Spray                 Conjuration/Hexes            3
 K - a book of Enchantments

   Spells                             Type                      Level
   a - Cause Fear                     Hexes                        4
   b - Yara's Violent Unravelling     Hexes/Transmutation          5
   c - Silence                        Hexes/Air                    5
   d - Deflect Missiles               Charms/Air                   6
   e - Discord                        Hexes                        8
 O - a book of Air

   Spells                             Type                      Level
   a - Shock                          Conjuration/Air              1
   b - Swiftness                      Charms/Air                   2
   c - Static Discharge               Conjuration/Air              3
   d - Airstrike                      Air                          4
   e - Lightning Bolt                 Conjuration/Air              5
 V - a Grand Grimoire

   Spells                             Type                      Level
   a - Monstrous Menagerie            Summoning                    7
   b - Summon Greater Demon           Summoning                    7
   c - Malign Gateway                 Summoning/Translocation      7
   d - Summon Horrible Things         Summoning                    8
 Y - the Disquisition on Ensnaring Clay
   (You found it in a labyrinth)

   Spells                             Type                      Level
   a - Sandblast                      Earth                        1
   b - Confuse                        Hexes                        3
   c - Tukima's Dance                 Hexes                        3
   d - Iron Shot                      Conjuration/Earth            6
   e - Statue Form                    Transmutation/Earth          6
 Z - a book of Fire

   Spells                             Type                      Level
   a - Ignite Poison                  Fire/Transmutation/Poison    3
   b - Fireball                       Conjuration/Fire             5
   c - Bolt of Fire                   Conjuration/Fire             6
   d - Ring of Flames                 Charms/Fire                  7
   e - Ignition                       Fire                         8
Miscellaneous
 b - a fan of gales
 l - a lightning rod (2/4)
 x - a box of beasts
 M - a sack of spiders


   Skills:
 + Level 3.2 Short Blades
 + Level 3.4 Dodging
 - Level 22.0 Stealth
 - Level 2.0 Spellcasting
 + Level 20.9 Hexes


You had 8 spell levels left.
You knew the following spells:

 Your Spells              Type           Power        Failure   Level  Hunger
a - Confuse               Hex            ######..     0%          3    ###....
b - Ensorcelled Hibernat  Hex/Ice        #####.       1%          2    ###....
c - Tukima's Dance        Hex            ######..     0%          3    ###....


Dungeon Overview and Level Annotations

Branches:
Dungeon (10/15)            Temple (1/1) D:7            Lair (4/6) D:8
  Snake (0/4) Lair:3          Orc (0/2) D:10
  Swamp: Lair:2-4    Shoals: Lair:2-4

Altars:
Ashenzari
Cheibriados
Dithmenos
Elyvilon
Fedhas
Gozag
Hepliaklqana
Kikubaaqudgha
Makhleb
Nemelex Xobeh
Okawaru
Qazlal
Ru
Sif Muna
Trog
Uskayaw
Vehumet
Wu Jian
Xom
Yredelemnul
Zin
The Shining One

Shops:
D:6 :   D:9 ?[


Innate Abilities, Weirdness & Mutations

You do not heal naturally.
You are immune to poison.
You have razor-sharp teeth.
You have supernaturally acute eyesight. (SInv)
You are frail. (-10% HP)
((You can survive without breathing.))
You cannot study or cast Conjurations magic.
You cannot study or cast Earth magic.
You cannot study or cast Transmutations magic.
You are somewhat inexperienced. (-2 XL)


Message History

Being near the torpor snail leaves you feeling lethargic.
You turn into a vampire bat.
Your +2 rapier of speed melds into your body.
Your +0 cloak melds into your body.
Your +1 pair of gloves melds into your body.
Your +1 pair of boots of running melds into your body.
The +7 leather armour "Saudyil" {rC+ rCorr Int+3} melds into your body.
Your +3 ring of slaying melds into your body.
Your ring of stealth melds into your body.
You feel rather sluggish. The six-headed hydra barely misses you.
The six-headed hydra bites you!
* * * LOW HITPOINT WARNING * * *
The six-headed hydra misses you.
The six-headed hydra completely misses you.
The six-headed hydra bites you.
* * * LOW HITPOINT WARNING * * *
The six-headed hydra bites you!
* * * LOW HITPOINT WARNING * * *
The six-headed hydra bites you.
You die...

#.........#...##. ##.....#......
..............#.. .##..........#
..........P..##..#.##..#.P......
#.............##%..#...P.P......
............#.#..%.#...........#
#.......[...####.$###..#.#......
.#...........#..##w#..........#.#
##.....P.....#...D###.........#..
.#.....P...#....b##...........P.#
#...P............................
P....P.#...........#......P......
.......#.....#...#......P.#......
.#...........#...................
.#.....P.....#...#......#........
##.PP#.#...........P....#........
#PPP...P..............P.....#....
.....#...#......<................


You could see a six-headed hydra and a torpor snail.

Vanquished Creatures
  Rupert (Lair:3)
  A minotaur (Lab)
  Fannar (Lair:3)
  Erolcha (D:10)
  2 hydras
  Pikel (D:5)
  6 elephants (Lair:3)
  Maurice (D:10)
  A black mamba (Lair:3)
  Psyche (D:10)
  4 spiny frogs
  5 gargoyles
  3 komodo dragons
  A polar bear (Lair:2)
  A troll (D:10)
  Prince Ribbit (D:5)
  3 hippogriffs
  8 blink frogs
  Grinder (D:5)
  25 yaks
  2 wyverns
  9 spriggans (Lair:2)
  3 hogs (D:7)
  3 basilisks
  A hungry ghost (D:9)
  A human (D:7)
  Grum (D:8)
  4 wargs
  Edmund (D:6)
  2 nagas (Lair:3)
  7 water moccasins
  8 porcupines
  2 black bears
  5 ice beasts
  2 orc warriors
  3 sky beasts
  2 phantoms (D:8)
  2 necrophages
  7 ogres
  9 wolves
  3 centaurs
  8 crocodiles
  3 big kobolds
  11 bullfrogs
  A wyvern zombie (D:7)
  A gnoll sergeant (D:8)
  5 scorpions
  22 killer bees
  8 wights
  10 howler monkeys
  4 crimson imps
  A centaur zombie (D:10)
  4 bullfrog zombies
  4 jellies
  11 orc wizards
  7 orc priests
  A gnoll shaman (D:5)
  6 hounds
  3 centaur skeletons
  2 iguanas
  8 worker ants
  2 killer bee zombies
  A hound zombie (D:4)
  A hound skeleton (D:7)
  3 worker ant zombies
  A howler monkey zombie (D:10)
  Robin (D:3)
  15 gnolls
  2 howler monkey skeletons
  12 adders
  4 shadow imps
  2 oozes
  5 adder skeletons
  2 worms (D:2)
  3 dart slugs
  3 leopard geckos
  35 orcs
  5 giant cockroaches
  24 goblins
  6 hobgoblins
  14 jackals
  15 kobolds
  4 quokkas
  8 bats
  5 frilled lizards
  2 jackal skeletons
  A leopard gecko skeleton (D:7)
  A quokka skeleton (D:4)
  10 rats
452 creatures vanquished.

Vanquished Creatures (others)
  A porcupine (Lair:1)
  A slave (D:6)
  A kobold (D:10)
  5 fungi
  A plant (D:6)
9 creatures vanquished.

Grand Total: 461 creatures vanquished

Notes
Turn   | Place    | Note
-------+----------+-------------------------------------------
     0 | D:1      | grindst0ne the Vampire Enchanter began the quest for the Orb.
     0 | D:1      | Reached XP level 1. HP: 13/13 MP: 3/3
   374 | D:1      | Reached XP level 2. HP: 18/19 MP: 5/5
   408 | D:1      | Learned a level 2 spell: Ensorcelled Hibernation
   418 | D:1      | Reached skill level 5 in Hexes
   441 | D:1      | Reached skill level 5 in Stealth
  1168 | D:1      | Reached XP level 3. HP: 16/24 MP: 6/6
  2329 | D:2      | Reached skill level 6 in Stealth
  2329 | D:2      | Reached XP level 4. HP: 30/30 MP: 0/7
  2452 | D:2      | Found a sparkling altar of Nemelex Xobeh.
  3220 | D:3      | Noticed Robin
  3288 | D:3      | Reached XP level 5. HP: 35/35 MP: 1/8
  3305 | D:3      | Killed Robin
  3319 | D:3      | Reached skill level 7 in Stealth
  3973 | D:3      | Found a hide-covered altar of Uskayaw.
  3976 | D:3      | Found a white marble altar of Elyvilon.
  3979 | D:3      | Found a shimmering altar of Xom.
  4265 | D:4      | Learned a level 3 spell: Confuse
  4527 | D:4      | Reached XP level 6. HP: 41/41 MP: 6/9
  4792 | D:4      | Found a hazy altar of Hepliaklqana.
  4849 | D:4      | Reached skill level 8 in Stealth
  4868 | D:5      | Entered Level 5 of the Dungeon
  5297 | D:5      | Reached skill level 9 in Stealth
  5297 | D:5      | Reached XP level 7. HP: 44/46 MP: 1/10
  6073 | D:5      | Found an opulent altar of Gozag.
  6102 | D:5      | Noticed Grinder
  6185 | D:5      | Paralysed by Grinder for 2 turns
  6207 | D:5      | Killed Grinder
  6207 | D:5      | Reached skill level 10 in Stealth
  6207 | D:5      | Reached skill level 10 in Hexes
  6290 | D:5      | Noticed Prince Ribbit
  7183 | D:5      | Killed Prince Ribbit
  7183 | D:5      | Reached skill level 11 in Stealth
  7183 | D:5      | Reached XP level 8. HP: 48/52 MP: 6/11
  7744 | D:6      | Noticed Edmund
  8334 | D:6      | Killed Edmund
  8334 | D:6      | Reached skill level 12 in Stealth
  8704 | D:6      | Reached skill level 13 in Stealth
  8704 | D:6      | Reached XP level 9. HP: 57/57 MP: 5/12
  8800 | D:6      | Noticed Pikel
  9890 | D:5      | Killed Pikel
 10022 | D:6      | Found a snail-covered altar of Cheibriados.
 10024 | D:6      | Found a deep blue altar of Sif Muna.
 10024 | D:6      | Found Ypeduicaiff's Book Boutique.
 10027 | D:6      | Found a shattered altar of Ashenzari.
 10031 | D:6      | Reached skill level 14 in Stealth
 10055 | D:6      | Learned a level 3 spell: Tukima's Dance
 10666 | D:6      | Found a bloodstained altar of Trog.
 11049 | D:7      | Found a sparkling altar of Nemelex Xobeh.
 11336 | D:7      | Found a staircase to the Ecumenical Temple.
 11368 | Temple   | Entered the Ecumenical Temple
 11840 | D:7      | Found a sacrificial altar of Ru.
 11855 | D:7      | Reached skill level 15 in Stealth
 11900 | D:7      | Became a worshipper of Ru the Awakened
 12157 | D:7      | Reached XP level 10. HP: 61/63 MP: 9/13
 12382 | D:8      | Noticed Grum
 12705 | D:8      | Killed Grum
 12705 | D:8      | Reached skill level 16 in Stealth
 12705 | D:8      | Reached skill level 15 in Hexes
 13298 | D:8      | Found a staircase to the Lair.
 14520 | D:9      | Gained mutation: You are somewhat inexperienced. (-2 XL) [Ru sacrifice]
 14520 | D:9      | Reached XP level 9. HP: 57/57 MP: 12/12
 14520 | D:9      | Reached XP level 8. HP: 52/52 MP: 11/11
 14520 | D:9      | Reached * piety under Ru
 14520 | D:9      | Reached ** piety under Ru
 14578 | D:9      | Found a bloodstained altar of Trog.
 14614 | D:9      | Found Bolucepy's Magic Scroll Shoppe.
 14619 | D:9      | Bought a scroll of blinking for 97 gold pieces
 14619 | D:9      | Bought a scroll of teleportation for 39 gold pieces
 14619 | D:9      | Bought a scroll of fear for 45 gold pieces
 14619 | D:9      | Bought a scroll of teleportation for 39 gold pieces
 14619 | D:9      | Bought a scroll of identify for 26 gold pieces
 14619 | D:9      | Bought a scroll of blinking for 97 gold pieces
 14619 | D:9      | Bought a scroll of identify for 26 gold pieces
 14865 | D:9      | Reached skill level 17 in Stealth
 14865 | D:9      | Reached XP level 9. HP: 57/57 MP: 5/12
 15122 | D:9      | Found Semu Wuth's Antique Armour Shoppe.
 16284 | D:9      | Reached XP level 10. HP: 54/63 MP: 13/13
 16450 | D:9      | Reached skill level 18 in Stealth
 16878 | D:10     | Entered Level 10 of the Dungeon
 17087 | D:10     | Gained mutation: You are frail. (-10% HP) [Ru sacrifice]
 17087 | D:10     | Reached *** piety under Ru
 17087 | D:10     | Reached **** piety under Ru
 17087 | D:10     | Reached ***** piety under Ru
 17594 | D:10     | Noticed Erolcha
 18129 | D:10     | Killed Erolcha
 18447 | D:10     | Noticed Maurice
 18454 | D:10     | Killed Maurice
 18502 | D:10     | Noticed Psyche
 18507 | D:10     | Killed Psyche
 18686 | D:6      | Got a spiked leather armour
 18697 | D:6      | Identified the +7 leather armour "Saudyil" {rC+ rCorr Int+3} (You found it on level 6 of the Dungeon)
 18853 | D:10     | Found a staircase to the Orcish Mines.
 19161 | D:10     | Reached XP level 11. HP: 54/61 MP: 14/14
 19540 | D:10     | Reached skill level 19 in Stealth
 20278 | Lair:1   | Entered Level 1 of the Lair of Beasts
 20996 | Lair:1   | Gained mutation: You cannot study or cast Earth magic. [Ru sacrifice]
 20996 | Lair:1   | Gained mutation: You cannot study or cast Transmutations magic. [Ru sacrifice]
 20996 | Lair:1   | Gained mutation: You cannot study or cast Conjurations magic. [Ru sacrifice]
 21716 | Lair:2   | Noticed a four-headed hydra
 21722 | Lair:2   | Killed a four-headed hydra
 21738 | Lair:2   | Found a labyrinth entrance.
 21763 | Lab      | Entered a labyrinth
 21948 | Lab      | Reached skill level 20 in Stealth
 22418 | Lab      | Noticed a minotaur
 22430 | Lab      | Killed a minotaur
 22432 | Lab      | Identified the Disquisition on Ensnaring Clay
 22475 | Lab      | Identified a +1 pair of boots of running (You found it in a labyrinth)
 23016 | Lair:2   | Reached XP level 12. HP: 66/66 MP: 9/15
 23311 | Lair:2   | Reached skill level 21 in Stealth
 24541 | Lair:3   | Noticed Fannar
 24721 | Lair:3   | Killed Fannar
 24954 | Lair:3   | Noticed Rupert
 24987 | Lair:3   | Killed Rupert
 24987 | Lair:3   | Reached skill level 22 in Stealth
 25525 | Lair:3   | Found a staircase to the Snake Pit.
 25608 | Lair:3   | Noticed a four-headed hydra
 25615 | Lair:3   | Killed a four-headed hydra
 25615 | Lair:3   | Reached XP level 13. HP: 71/71 MP: 14/16
 26090 | Lair:4   | Found a runed door.
 26133 | Lair:4   | HP: 3/71 [six-headed hydra (14)]
 26133 | Lair:4   | Slain by a six-headed hydra

Vault maps used:
D:1:      dpeg_arrival_stonehenge_8_columns, st_stairs_2, minivault_4
D:2:      nemelex_xobeh_ov_fountains_minmay, grunt_ministairs_4,
          dk_noncrumbling_3
D:3:      grunt_temple_overflow_diamond, uniq_robin
D:4:      marbit_many_paths, serial_park_tiny_2, corner_web_ring
D:5:      first_bread, kennysheep_pointless_box, grunt_gozag_breadcrumbs,
          uniq_prince_ribbit1, uniq_grinder
D:6:      gammafunk_temple_overflow_forgotten, serial_shops, shop,
          trog_three_pillars_becter, uniq_edmund, uniq_pikel
D:7:      nicolae_ru_awakened_eye, temple_pool_b, grunt_livestock,
          nemelex_dance_club_becter
D:8:      erik_lair_orcish_takeover, uniq_grum
D:9:      bloody_trog, serial_shops, nicolae_shop_crystal, shop
D:10:     erik_orc_3, uniq_erolcha, uniq_maurice, uniq_psyche
Temple:   minmay_temple_bridge_abc
Lair:2:   kb_forest_paths, lab_entry_generic, serial_bayou_pond_c,
          grunt_megastairs_1
Lair:3:   guppyfry_snake_entry_garden, uniq_fannar, uniq_rupert
Lair:4:   shoals_dummy_entry, pf_torpor_hydra, uniq_urug
Lab:      labyrinth_watery, nicolae_lab_do_over, labyrinth_skeletal_remains,
          nicolae_lab_checkerboard, lab_fountain

Skill      XL: |  1  2  3  4  5  6  7  8  9 10 11 12 |
---------------+-------------------------------------+-----
Hexes          | 5 6 7 8 10 12 16 17 19 20 | 20.9
Stealth        | 5 6 7 9 11 17 15 18 20 22 | 22.0
Short Blades   | 3 |  3.2
Dodging        | 3 |  3.4
Spellcasting   | |  2.0

Action                   |  1- 3 |  4- 6 |  7- 9 | 10-12 | 13-15 || total
-------------------------+-------+-------+-------+-------+-------++-------
Melee: Dagger            |   133 |   170 |   197 |    81 |       ||   581
       Bite              |     7 |     9 |    18 |    34 |       ||    68
       Short sword       |       |       |    70 |   284 |       ||   354
       Rapier            |       |       |       |   124 |     3 ||   127
       Unarmed           |       |       |       |     3 |       ||     3
 Cast: Ensorcelled Hiber |    19 |    29 |   124 |   235 |     5 ||   412
       Confuse           |       |       |    20 |    49 |       ||    69
Invok: Sacrifice Experie |       |       |     1 |       |       ||     1
       Sacrifice Health  |       |       |       |     1 |       ||     1
       Sacrifice Arcana  |       |       |       |     1 |       ||     1
       Reject Sacrifices |       |       |       |     1 |       ||     1
 Abil: Bat Form          |       |       |     9 |    10 |     1 ||    20
       End Transformatio |       |       |     9 |    10 |       ||    19
Evoke: Lightning rod     |       |       |       |     2 |       ||     2
  Use: Scroll            |       |     8 |    13 |     9 |       ||    30
       Potion            |       |     3 |    12 |    18 |       ||    33
 Stab: Sleeping          |    22 |    38 |    91 |   180 |     3 ||   334
       Confused          |       |       |    13 |    31 |       ||    44
       Distracted        |       |       |     1 |     2 |       ||     3
       Paralysed         |       |       |       |     1 |       ||     1
       Invisible         |       |       |       |     3 |       ||     3
Armor: Robe              |    43 |    47 |    63 |    36 |       ||   189
       Leather armour    |       |       |       |    90 |     6 ||    96
Dodge: Dodged            |   119 |   101 |   139 |   238 |     9 ||   606
